 Dungeon Crawl Stone Soup version 0.17-a0-743-g552e03a (webtiles) character file.

100 Sixotanaka the Chopper (level 4, -4/40 HPs)
             Began as a Minotaur Berserker on Apr 20, 2015.
             Was a Follower of Trog.
             Slain by Sigmund
             ... wielding a +0 scythe
              (10 damage)
             ... on level 4 of the Dungeon.
             The game lasted 00:04:15 (530 turns).

Sixotanaka the Chopper (Minotaur Berserker)          Turns: 530, Time: 00:04:15

Health: -4/40      AC:  5    Str: 21    XL:     4   Next: 46%
Magic:  3/3        EV: 12    Int:  4    God:    Trog [*.....]
Gold:   32         SH:  0    Dex: 11    Spells: 0 memorised, 3 levels left

rFire  . . .     SeeInvis .     n - +0 war axe
rCold  . . .     Clarity  .     e - +0 ring mail
rNeg   . . .     SustAb   .     (no shield)
rPois  .         Gourm    .     (helmet restricted)
rElec  .         Spirit   .     (no cloak)
rCorr  .         Warding  .     (no gloves)
rMut   .         Stasis   .     (no boots)
MR     .....                    (no amulet)
Stlth  +.........               (no ring)
                                (no ring)

@: not resistant to hostile enchantments, very unstealthy
A: retaliatory headbutt, horns 2
a: Burn Spellbooks, Berserk, Renounce Religion


You were on level 4 of the Dungeon.
You worshipped Trog.
Trog was aware of your devotion.
You were very hungry.

You visited 1 branch of the dungeon, and saw 4 of its levels.

You collected 32 gold pieces.


Innate Abilities, Weirdness & Mutations

You reflexively headbutt those who attack you in melee.
You have a pair of horns on your head.


   Skills:
 + Level 4.3 Fighting
 * Level 4.9 Axes
 + Level 3.4 Armour
 + Level 2.9 Dodging


You had 3 spell levels left.
You didn't know any spells.

Dungeon Overview and Level Annotations

Branches:
Dungeon (4/15)
 Temple: D:4-7

Altars:

Annotations:
D:4 Sigmund

Inventory:

Hand weapons
 h - a +0 blowgun
 n - a +0 war axe (weapon)
Missiles
 i - 14 poisoned needles
Armour
 e - a +0 ring mail (worn)
Scrolls
 f - a scroll of recharging {unknown}
 j - a scroll of fear {unknown}
 m - a scroll of remove curse {unknown}
Potions
 g - a potion of mutation {unknown}
 k - a potion of lignification {unknown}
 l - a potion of restore abilities {unknown}
Comestibles
 b - 3 chunks of flesh
 c - 2 bread rations
 d - 2 slices of pizza

####################
...................#
######...........#.#
#[.
#..........@#+#....
#...................
#...................
###########.........
#....$.... ###+#....
...< .


There were no monsters in sight!


Message History

a - a +0 hand axe (weapon)
You climb downwards.
Found a war axe.
There is a stone staircase leading up here.
Natasha, Servant of Life and Death comes into view.
Natasha hisses angrily.
There is a stone staircase leading up here.
There is a stone staircase leading up here.
You hit Natasha but do no damage. You headbutt Natasha.
Natasha casts a spell at you. The magic dart hits you!
* * * LOW HITPOINT WARNING * * *
A red film seems to cover your vision as you go berserk!
You feel yourself moving faster!
You feel mighty!
You feel somewhat more hungry. Natasha barely misses you.
You slash Natasha!
You kill Natasha!
Trog accepts your kill.
Trog appreciates your killing of a magic user.
Natasha screams in fury as she dies!
Unknown command.
You feel a strong urge to attack something.
You feel your anger subside.
You are no longer berserk.
You are exhausted.
You feel yourself slow down.
You are feeling hungry.
You see here a war axe.
n - a war axe Wield which item (- for none, * to show all)? (? for menu, Esc to quit)
n - a +0 war axe (weapon)
Drop what? 14/52 slots (_ for help) (? for menu, Esc to quit)
You drop a +0 hand axe.
You are feeling very hungry.
You feel yourself speed up.
You feel less exhausted.
Found 12 gold pieces.
Found a robe.
Sigmund the Dreaded comes into view.
He is wielding a scythe.
Sigmund shouts!
Sigmund mumbles some strange words.
Sigmund flickers and vanishes!
Deactivating autopickup; reactivate with Ctrl-A.
Found a stone staircase leading up.
You hear some strange, mumbled words.
You are confused.
You're too confused to move!
A puff of flame appears from out of thin air!
The puff of flame hits you!
Drink which item? (? for menu, Esc to quit)
Okay, then.
You bump into the rock wall.
You feel less confused. Something hits you.
You're too hungry to go berserk.
Unknown command.
You're too hungry to go berserk.
Unknown command.
Something hits you!
* * * LOW HITPOINT WARNING * * *
Wield which item (- for none, * to show all)? (? for menu, Esc to quit)
Okay, then.
Something hits you.
* * * LOW HITPOINT WARNING * * *
Something hits you.
* * * LOW HITPOINT WARNING * * *
Something hits you.
* * * LOW HITPOINT WARNING * * *
Something hits you!
You die...

Action                   |  1- 3 |  4- 6 || total
-------------------------+-------+-------++-------
Melee: Hand axe          |    46 |     7 ||    53
Invok: Berserk           |     2 |     1 ||     3
  Eat: Chunk             |       |     1 ||     1

Vault maps used:
D:1:      dpeg_arrival_ternary
D:2:      serial_glass, glass_columns_a, glass_columns_b, glass_columns_a,
          glass_columns_c, glass_columns_b, glass_columns_b,
          yredelemnul_altar_generic, uniq_robin
D:3:      first_bread
D:4:      uniq_natasha, uniq_sigmund

Notes
Turn   | Place    | Note
--------------------------------------------------------------
     0 | D:1      | Sixotanaka, the Minotaur Berserker, began the quest for the Orb.
     0 | D:1      | Reached XP level 1. HP: 19/19 MP: 0/0
    56 | D:2      | Reached XP level 2. HP: 12/27 MP: 1/1
   200 | D:2      | Reached skill level 4 in Axes
   322 | D:4      | Noticed a scorpion
   329 | D:4      | Killed a scorpion
   329 | D:4      | Reached skill level 4 in Fighting
   329 | D:4      | Reached skill level 3 in Armour
   329 | D:4      | Reached XP level 3. HP: 20/33 MP: 2/2
   403 | D:3      | Reached XP level 4. HP: 22/40 MP: 3/3
   453 | D:4      | Noticed Natasha
   462 | D:4      | Killed Natasha
   508 | D:4      | Noticed Sigmund
   525 | D:4      | HP: 8/40 [something (6)]
   530 | D:4      | Slain by Sigmund

Vanquished Creatures
  A scorpion (D:4)
  Natasha (D:4)
  An adder (D:2)
  2 worms
  A giant cockroach (D:2)
  A goblin (D:2)
  A hobgoblin (D:2)
  2 kobolds (D:3)
  A bat (D:2)
  A giant gecko skeleton (D:3)
  4 jackals (D:3)
  A rat (D:2)
17 creatures vanquished.
